Unix NetHack Version 5.0.0-0 post-release - last build Jun 10 2026 00:39:30 (3ee93aec679c4c4259841fe613dc97188e26a321,branch:main).

Game began 2026-06-22 21:55:27, ended 2026-06-23 23:24:23.

Felix1, neutral male gnomish Wizard

     --------------
     |.............
     |............|             `#
     |..........<.|    ##############
     |............|##############-...---.-----
     --.-----------#           #@fC.........C|
       #############           *e......C.....|
                                #|......-....|
                                #|.....{.|...|
                    *  #        #|..C|{@{|C..|
         --------......-        #|.....{.....|
         |.............-    * * #|...........|
         |.............|     #  #|.....C.....|
         |..............#%#######|C.........C|
         |.............|     ####--------...--
         |..........(..|        ###########
         --------..-----

Felix1 the Thaumaturge    St:10 Dx:16 Co:14 In:18 Wi:10 Ch:10  Neutral
Dlvl:8  $:192 HP:0(55) Pw:30(54) AC:9  Xp:7 T:4113 

Latest messages:
 The tengu appears close by!
 In what direction? 6
 The spell hits the tengu!
 In what direction? 6
 The spell hits the tengu!
 The tengu bites!
 You kill the grid bug!
 The tengu bites!
 You hit the tengu.
 The tengu bites!
 The tengu vanishes!
 In what direction? 6
 The spell misses the tengu.
 In what direction? 6
 The spell hits the tengu!
 You kill the tengu!
 You see here a tengu corpse.
 You see here a tengu corpse.
 There is a tengu corpse here; eat it? [ynq] (n) q
 "Hello, Felix1, welcome to Delphi!"
 You hear crashing rock.
 You feel a draft.
 The Oracle doesn't seem to move!
 You see here a statue of a plains centaur.
 You see here a statue of a plains centaur.
 You see here a statue of a plains centaur.
 You hit the floating eye.
 You are frozen by the floating eye's gaze!
 The jaguar hits!
 The jaguar hits again!
 The jaguar bites!
 The jaguar hits!
 The jaguar hits again!
 The jaguar bites!
 The jaguar hits!
 The jaguar hits again!
 The jaguar bites!
 The jaguar hits!
 The jaguar hits again!
 The jaguar bites!
 The jaguar hits!
 The jaguar hits again!
 The jaguar bites!
 The jaguar hits!
 The jaguar hits again!
 The jaguar bites!
 You die...
 Do you want your possessions identified? [ynq] (y) n
 Do you want to see your attributes? [ynq] (y) y
 Do you want an account of creatures vanquished? [ynaq] (y) q

Inventory:
 Coins    ('$')
  $ - 192 gold pieces
 Weapons  (')')
  a - a blessed +1 quarterstaff (weapon in hands)
 Armor    ('[')
  b - an uncursed +0 cloak of magic resistance (being worn)
 Comestibles  ('%')
  H - an uncursed cram ration
  G - 2 uncursed food rations
 Scrolls  ('?')
  s - 3 uncursed scrolls of blank paper
  z - an uncursed scroll of enchant armor
  k - an uncursed scroll of identify
  B - an uncursed scroll of identify
  i - 2 uncursed scrolls of light
  q - an uncursed scroll of scare monster
  r - a cursed scroll of stinking cloud
 Spellbooks  ('+')
  l - a blessed spellbook of force bolt
 Potions  ('!')
  h - an uncursed potion of blindness
  f - an uncursed potion of confusion
  E - an uncursed potion of fruit juice
  p - an uncursed potion of invisibility
  g - an uncursed potion of paralysis
  v - a cursed potion of sickness
  w - a potion of holy water
 Rings    ('=')
  e - an uncursed ring of poison resistance (on right hand)
 Wands    ('/')
  o - a wand of cold (0:5)
  c - a wand of polymorph (0:8)
 Tools    ('(')
  K - a drum of earthquake (0:7)
  n - a magic marker (0:20)
  x - an uncursed towel
  F - 4 blessed wax candles
 Gems/Stones  ('*')
  u - an uncursed agate stone
  A - an uncursed chrysoberyl stone
  m - an uncursed worthless piece of black glass
  D - an uncursed worthless piece of blue glass

Felix1 the Wizard's attributes:

Background:
 You were a Thaumaturge, a level 7 male gnomish Wizard.
 You were neutral, on a mission for Thoth
 who was opposed by Ptah (lawful) and Anhur (chaotic).
 You were right-handed.
 You were in the Dungeons of Doom, on level 8.
 You entered the dungeon 4113 turns ago.
 It was nighttime.
 You had 690 experience points, 590 more were needed to attain level 8.

Basics:
 You had 0 out of 55 hit points.
 You had 30 out of 54 energy points (spell power).
 Your armor class was 9.
 Your wallet contained 192 zorkmids.
 Autopickup was off.

Final Characteristics:
 Your strength was 10 (limit:18/50).
 Your dexterity was 16 (limit:18).
 Your constitution was 14 (limit:18).
 Your intelligence was 18 (limit:19).
 Your wisdom was 10 (limit:18).
 Your charisma was 10 (limit:18).

Final Status:
 You weren't hungry.
 You were unencumbered.
 You were wielding a quarterstaff.
 You were skilled in quarterstaff.

Final Attributes:
 You were piously aligned.
 You were magic-protected.
 You were poison resistant.
 You saw invisible.
 You had infravision.
 You were warded.
 You were unlucky.
 You are dead.

Miscellaneous:
 You didn't encounter any bones levels.
 Total elapsed playing time was 48 minutes and 16 seconds.

Major events:
 Turn
    1: Felix1 the neutral male gnomish Wizard entered the dungeon
  496: attained the rank of Conjurer (level 3)
 2110: attained the rank of Thaumaturge (level 6)
 2139: read a Discworld novel
 4113: killed by a jaguar, while frozen by a floating eye's gaze

Spells:
 Name                 Level Category     Fail Retention
 force bolt             1   attack         0%   71%-80%
 detect food            2   divination    31%  76%-100%

Skills:
 Fighting Skills
   bare handed combat [Unskilled]
   riding             [Unskilled]
 Weapon Skills
   dagger             [Unskilled]
   knife              [Unskilled]
   axe                [Unskilled]
   short sword        [Unskilled]
   club               [Unskilled]
   mace               [Unskilled]
   quarterstaff       [Skilled]
   polearms           [Unskilled]
   spear              [Unskilled]
   trident            [Unskilled]
   sling              [Unskilled]
   dart               [Unskilled]
   shuriken           [Unskilled]
 Spellcasting Skills
   attack spells      [Basic]
   healing spells     [Unskilled]
   divination spells  [Unskilled]
   enchantment spells [Basic]
   clerical spells    [Unskilled]
   escape spells      [Unskilled]
   matter spells      [Unskilled]

Voluntary challenges:
 Character rerolling was not enabled.
 You never genocided any monsters.
 You never polymorphed an object.
 You never changed form.
 You used no wishes.
Achievements:
 You attained the rank of Conjurer.
 You entered a shop.
 You attained the rank of Thaumaturge.
 You read from a Discworld novel.

 The Dungeons of Doom: levels 1 to 8
    Level 1:
    Level 2:
    Level 3:
       A scroll shop.
    Level 4:
       An altar to Thoth.
    Level 5:
       A general store.
    Level 6:
       A grave.
    Level 7:
    Level 8: <- You were here.
       Many fountains.
       Oracle of Delphi.
       Final resting place for
          you, killed by a jaguar, while frozen by a floating eye's gaze.


Vanquished creatures:
  2 small mimics
  a tengu
  a leprechaun
  a horse
  a raven
  a human zombie
  a water nymph
  2 mountain nymphs
  3 rock piercers
  2 rock moles
  a straw golem
  a paper golem
  a giant ant
  2 little dogs
  2 floating eyes
  5 homunculi
  a rothe
  a giant bat
  2 monkeys
  4 orc zombies
  3 dwarf zombies
  7 iguanas
  2 acid blobs
  2 gas spores
  2 hobbits
  a large kobold
  2 giant rats
  a red mold
  2 geckos
  2 jackals
  a kobold
  3 goblins
  4 grid bugs
  4 lichens
  3 newts
74 creatures vanquished.

No species were genocided or became extinct.

Game over:
                       ----------
                      /          \
                     /    REST    \
                    /      IN      \
                   /     PEACE      \
                  /                  \
                  |      Felix1      |
                  |      192 Au      |
                  |   killed by a    |
                  |      jaguar      |
                  |                  |
                  |                  |
                  |       2026       |
                 *|     *  *  *      | *
        _________)/\\_//(\/(/\)/\//\/|_)_______

Goodbye Felix1 the Wizard...

You died in The Dungeons of Doom on dungeon level 8 with 3283 points,
and 192 pieces of gold, after 4113 moves.
You were level 7 with a maximum of 55 hit points when you died.

